 Dungeon Crawl Stone Soup version 0.24-a0-368-g0e0cebd0f3 (webtiles) character file.

Game seed: 16211865457886263108

363721 nikopol the Sorcerer (level 21, -2/135 HPs)
             Began as a Deep Elf Fire Elementalist on May 27, 2019.
             Was the Champion of Vehumet.
             Slain by Tovvajec's ghost (29 damage)
             ... on level 4 of the Vaults on May 28, 2019.
             The game lasted 03:33:43 (53629 turns).

nikopol the Sorcerer (Deep Elf Fire Elementalist)  Turns: 53629, Time: 03:33:44

Health: -2/135     AC: 34    Str:  8    XL:     21   Next: 54%
Magic:  17/53      EV: 17    Int: 34    God:    Vehumet [******]
Gold:   3191       SH: 16    Dex: 21    Spells: 15/72 levels left

rFire    + . .     SeeInvis .   f - staff of energy {re}
rCold    + + .     Gourm    .   a - +5 shield {reflect}
rNeg     + + .     Faith    .   (armour currently unavailable)
rPois    ∞         Spirit   .   Z - +2 helmet "Desitar" {rC+ rN+ Str+3}
rElec    +         Reflect  +   w - +2 cloak {MR+}
rCorr    .         Harm     .   (gloves currently unavailable)
MR       +++++                  (boots currently unavailable)
Stlth    ++++......             J - amulet of magic regeneration
HPRegen  0.32/turn              Q - ring of Epnag {+Fly rC++ MR++ Int+3}
MPRegen  0.58/turn              S - ring of the Nightingale {Fire MR+ Dex+6}

@: about to teleport, statue-form, flying, very slightly contaminated, very slow
A: no striking features
}: 2/15 runes: serpentine, barnacled
a: End Transformation, Renounce Religion, Stop Flying


You were on level 4 of the Vaults.
You worshipped Vehumet.
Vehumet was exalted by your worship.
You were hungry.
You were a stone statue.
You visited 9 branches of the dungeon, and saw 39 of its levels.
You also visited: Ice Cave.

You collected 5077 gold pieces.
You spent 1886 gold pieces at shops.

Inventory:

Armour
 a - a +5 shield of reflection (worn)
 w - a +2 cloak of magic resistance (worn)
 x - the +1 robe "Eceacsej" (melded) {Int+4 SInv}
   (You found it on level 15 of the Dungeon)

   It affects your intelligence (+4).
   It lets you see invisible.
 y - a +1 pair of gloves of dexterity (melded)
 V - a +2 pair of boots of flying (melded)
 Z - the +2 helmet "Desitar" (worn) {rC+ rN+ Str+3}
   (You acquired it on level 2 of the Vaults)

   It affects your strength (+3).
   It protects you from cold.
   It protects you from negative energy.
Magical Staves
 f - an uncursed staff of energy (weapon) {re}
 v - an uncursed staff of fire
Jewellery
 E - an uncursed ring of poison resistance
 J - an amulet of magic regeneration (around neck)
 Q - the ring of Epnag (left hand) {+Fly rC++ MR++ Int+3}
   (You bought it in a shop on level 4 of the Dungeon)

   [ring of flight]

   It affects your intelligence (+3).
   It greatly protects you from cold.
   It affects your resistance to hostile enchantments.
   It lets you fly.
 S - the ring of the Nightingale (right hand) {Fire MR+ Dex+6}
   (You found it on level 6 of the Lair of Beasts)

   [ring of fire]

   It enhances your fire magic.
   It affects your dexterity (+6).
   It protects you from fire.
   It makes you vulnerable to cold.
   It affects your resistance to hostile enchantments.
 U - an uncursed ring of resist corrosion
Wands
 q - a wand of digging (17)
 s - a wand of enslavement (15)
 C - a wand of flame (72)
 D - a wand of disintegration (71)
 F - a wand of acid (13)
 O - a wand of paralysis (10)
 W - a wand of iceblast (21)
 X - a wand of polymorph (13)
 Y - a wand of clouds (4)
Scrolls
 b - 27 scrolls of remove curse
 d - 12 scrolls of teleportation
 h - a scroll of summoning
 m - 2 scrolls of identify
 o - 2 scrolls of silence
 t - 5 scrolls of enchant weapon
 z - a scroll of enchant armour
 A - 2 scrolls of magic mapping
 G - 11 scrolls of immolation
 K - 6 scrolls of blinking
 M - 6 scrolls of amnesia
 P - 3 scrolls of fog
Potions
 e - 2 potions of agility
 g - 8 potions of heal wounds
 i - 8 potions of haste
 j - 4 potions of invisibility
 k - 7 potions of might
 n - a potion of magic
 p - 6 potions of cancellation
 r - 10 potions of lignification
 u - 8 potions of brilliance
 B - 23 potions of curing
 H - a potion of berserk rage {unknown}
 I - 6 potions of flight
 L - 4 potions of mutation
 N - 3 potions of resistance
 T - 2 potions of ambrosia
Comestibles
 c - 75 rations
 l - 11 chunks of flesh


   Skills:
 + Level 2.6 Fighting
 + Level 7.6 Dodging
 + Level 6.0 Stealth
 * Level 9.1 Shields
 + Level 26.4 Spellcasting
 + Level 20.9 Conjurations
 + Level 0.4 Charms
 + Level 20.4 Fire Magic
 + Level 4.1 Ice Magic
 + Level 0.6 Air Magic
 + Level 10.0 Earth Magic


You had 15 spell levels left.
You knew the following spells:

 Your Spells              Type           Power        Failure   Level  Hunger
a - Flame Tongue          Conj/Fire      #####        0%          1    None
b - Bolt of Magma         Conj/Fire/Erth ########..   1%          5    None
c - Conjure Flame         Conj/Fire      ########     0%          3    None
d - Sticky Flame          Conj/Fire      ########     0%          4    None
e - Fireball              Conj/Fire      ########..   0%          5    None
f - Iron Shot             Conj/Erth      ########..   1%          6    None
g - Bolt of Cold          Conj/Ice       #######...   1%          6    None
h - Blink                 Tloc           N/A          1%          2    None
i - Ignition              Fire           ########..   1%          8    None
j - Fire Storm            Conj/Fire      ########..   6%          9    None
k - Statue Form           Tmut/Erth      ######...    21%         6    None
s - Swiftness             Chrm/Air       #####...     1%          2    None

Your spell library contained the following spells:

 Spells                   Type           Power        Failure   Level  Hunger
 Glaciate                 Conj/Ice       #######...   80%         9    None
 Magic Dart               Conj           ####         0%          1    None
 Sandblast                Erth           ######       0%          1    None
 Shock                    Conj/Air       ####         0%          1    None
 Searing Ray              Conj           ######       0%          2    None
 Throw Flame              Conj/Fire      ######       0%          2    None
 Throw Frost              Conj/Ice       ######       0%          2    None
 Stone Arrow              Conj/Erth      ######       0%          3    None
 Iskenderun's Mystic Bla  Conj           ########     0%          4    None
 Animate Skeleton         Necr           N/A          1%          1    None
 Apportation              Tloc           #####.       1%          1    None
 Confusing Touch          Hex            #####.       1%          1    None
 Corona                   Hex            #####..      1%          1    None
 Freeze                   Ice            ####         1%          1    None
 Summon Butterflies       Summ           #####...     1%          1    None
 Summon Small Mammal      Summ           ####         1%          1    None
 Call Imp                 Summ           #####...     1%          2    None
 Passwall                 Tmut/Erth      ######..     1%          2    None
 Slow                     Hex            #####...     1%          2    None
 Dazzling Spray           Conj/Hex       ######       1%          3    None
 Ignite Poison            Fire/Tmut/Pois #######.     1%          3    None
 Inner Flame              Hex/Fire       ########     1%          3    None
 Mephitic Cloud           Conj/Pois/Air  #######.     1%          3    None
 Ozocubu's Armour         Chrm/Ice       ######..     1%          3    None
 Static Discharge         Conj/Air       #######.     1%          3    None
 Force Lance              Conj/Tloc      #######.     1%          4    None
 Fulminant Prism          Conj/Hex       #######...   1%          4    None
 Leda's Liquefaction      Hex/Erth       ######....   1%          4    None
 Petrify                  Tmut/Erth      ######..     1%          4    None
 Throw Icicle             Conj/Ice       #######.     1%          4    None
 Iskenderun's Battlesphe  Conj/Chrm      #######.     1%          5    None
 Lee's Rapid Deconstruct  Erth           #######...   1%          5    None
 Lightning Bolt           Conj/Air       #######...   1%          5    None
 Venom Bolt               Conj/Pois      #######...   1%          5    None
 Airstrike                Air            #####.....   2%          4    None
 Confuse                  Hex            #####...     3%          3    None
 Gell's Gravitas          Tloc           #####.....   3%          3    None
 Lesser Beckoning         Tloc           #####.....   3%          3    None
 Portal Projectile        Hex/Tloc       #####.       3%          3    None
 Tukima's Dance           Hex            #####...     3%          3    None
 Summon Ice Beast         Ice/Summ       ######..     4%          4    None
 Yara's Violent Unravell  Hex/Tmut       #####.....   8%          5    None
 Cause Fear               Hex            #####.....   11%         4    None
 Metabolic Englaciation   Hex/Ice        ######....   12%         5    None
 Alistair's Intoxication  Tmut/Pois      #####...     28%         5    None
 Summon Forest            Summ/Tloc      #####.....   28%         5    None
 Invisibility             Hex            #####...     85%         6    None
 Shatter                  Erth           #######...   98%         9    None


Dungeon Overview and Level Annotations

Branches:
Dungeon (15/15)            Temple (1/1) D:4            Lair (6/6) D:10
 Shoals (4/4) Lair:3        Snake (4/4) Lair:3        Slime (0/5) Lair:6
    Orc (2/2) D:9             Elf (2/3) Orc:2        Vaults (4/5) D:13
  Crypt (0/3) Vaults:2     Depths (1/5) D:15

Altars:
Ashenzari
Cheibriados
Elyvilon
Gozag
Makhleb
Nemelex Xobeh
Okawaru
Qazlal
Ru
Sif Muna
Trog
Uskayaw
Vehumet
Wu Jian
Xom
Zin
The Shining One
Beogh
Jiyva

Shops:
D:4 =   D:5 !}   D:13 *   Orc:1 ?   Orc:2 (*=[   Elf:1 %   Shoals:2 *
Snake:1 (:[   Snake:4 *   Vaults:1 *   Vaults:2 (   Vaults:4 ?

Portals:
Hell: Depths:1
Pandemonium: Depths:1
Ziggurat: Depths:1
Trove: D:12 (give 7 scrolls of blinking)

Annotations:
Shoals:4 Mara
Orc:2 2 runed translucent doors, Borgoz's ghost, adept GrGl
Elf:1 6 runed translucent doors
Vaults:4 Tovvajec's ghost, adept HOBe


Message History

You block Tovvajec's ghost's attack.
Tovvajec's ghost hits you but does no damage.
The phantasmal warrior hits you but does no damage.
As you read the scroll of teleportation, it crumbles to dust.
You feel strangely unstable.
Tovvajec's ghost laughs crazily.
You block Tovvajec's ghost's attack.
You block the phantasmal warrior's attack.
You feel much better.
The phantasmal warrior blinks!
The phantasmal warrior hits you but does no damage.
Tovvajec's ghost hits you!!
* * * LOW HITPOINT WARNING * * *
The phantasmal warrior blinks!
You block the phantasmal warrior's attack.
Tovvajec's ghost hits you!
* * * LOW HITPOINT WARNING * * *
You feel much better.
You block the phantasmal warrior's attack.
Tovvajec's ghost hits you!!
You die...

..............#######'#'####...#
..............#.........#......#
..............#.........#......#
..(.......[...####'''####......#
..............##.......##......#
..............###MW...###......#
..............##.z.(...##......#
..............###WVZ!.###......#
..............##8W#.#!.##......#
########......###########......#
#......#......###########......#
#......#.......................#
#......#.......................#
#.>....#.......................#
#......#.......................#
#......'.......................#
#......#.......................#


You could see 2 phantasmal warriors, a vampire, a flying skull, a mummy,
Tovvajec's ghost and a yaktaur captain zombie.

Vanquished Creatures
  Bai Suzhen (Vaults:2)
  The ghost of Hylith the Brawler, an adept TrFi of Makhleb (Vaults:3)
  A deep elf blademaster (Elf:2)
  3 liches (Vaults:2)
  A kraken (Shoals:2)
  2 sphinxes
  A tengu reaver (Vaults:4)
  Donald (Snake:1)
  Roxanne (Shoals:2)
  9 nagarajas
  2 frost giants
  Louise (Shoals:4)
  4 orc warlords
  5 vault wardens
  An entropy weaver (Vaults:4)
  9 stone giants
  A very ugly thing (Depths:1)
  The ghost of Tucrewk the Fighter, a journeyman DDWr of Makhleb (Lair:6)
  10 ironheart preservers
  4 deep elf demonologists
  A deep elf annihilator (Vaults:4)
  A dire elephant (Lair:6)
  8 merfolk javelineers
  An eidolon (Vaults:4)
  A deep elf death mage (Vaults:2)
  Snorg (Orc:2)
  A blizzard demon (Depths:1)
  5 yaktaur captains
  3 fire dragons
  9 merfolk impalers
  3 ettins
  A deep elf high priest (Elf:1)
  8 hydras
  10 ice dragons
  2 rakshasas
  3 great orbs of eyes
  A vault guard (Vaults:2)
  3 catoblepae
  A death knight (Vaults:2)
  27 naga warriors
  9 centaur warriors
  2 merfolk aquamancers (Shoals:4)
  A satyr (Shoals:4)
  20 dancing weapons
  2 deep troll earth magi
  31 two-headed ogres
  12 anacondas
  7 death yaks
  7 ogre magi
  10 orc high priests
  4 deep troll shamans
  4 tengu warriors
  21 naga sharpshooters
  Urug (D:10)
  22 deep elf knights
  Nergalle (Orc:1)
  5 shock serpents
  3 salamander mystics
  12 skeletal warriors
  3 shadow wraiths (Vaults:4)
  3 glowing orange brains (Depths:1)
  8 sea snakes
  2 iron trolls (Depths:1)
  A flayed ghost (Depths:1)
  A gelid demonspawn (Depths:1)
  2 unseen horrors
  8 deep trolls
  A sea snake (shapeshifter) (Depths:1)
  4 lindwurms (Lair:5)
  12 naga ritualists
  6 deep elf archers
  3 wizards
  3 ironbrand convokers
  3 phantasmal warriors
  13 orc knights
  29 harpies
  4 wolf spiders
  30 ugly things
  5 orc sorcerers
  44 deep elf magi
  6 mana vipers
  5 oklob plants
  11 salamanders
  3 elephants (Lair:6)
  12 merfolk sirens
  8 cyclopes
  16 manticores
  9 fauns
  A black mamba (shapeshifter) (Elf:2)
  2 ice statues (IceCv)
  2 centaur zombies
  8 guardian serpents
  A smoke demon (Depths:1)
  8 spiny frogs
  16 naga magi
  7 vault sentinels
  35 black mambas
  A gargoyle (D:14)
  8 water nymphs
  An orange demon (Depths:1)
  5 rime drakes
  4 komodo dragons
  An efreet (D:14)
  A komodo dragon (shapeshifter) (Vaults:4)
  11 yaktaurs
  2 freezing wraiths
  7 trolls
  4 tengu conjurers
  A queen bee (D:11)
  A jumping spider (Vaults:4)
  A jumping spider (shapeshifter) (D:15)
  2 polar bears
  7 wind drakes
  35 merfolk
  Prince Ribbit (D:7)
  A hippogriff (shapeshifter) (D:15)
  9 dream sheep (Lair:4)
  12 hippogriffs
  A hornet (Vaults:1)
  10 blink frogs
  A raiju (shapeshifter) (Vaults:4)
  9 snapping turtles
  A human simulacrum (Vaults:3)
  34 slime creatures
  2 redbacks (Vaults:4)
  3 air elementals
  2 vampires
  3 shadows
  5 wraiths
  6 water elementals
  2 wyverns
  2 fire elementals
  30 yaks
  4 basilisks
  2 tarantellas (shapeshifter)
  A human (shapeshifter) (Vaults:2)
  A chaos spawn (Depths:1)
  3 steam dragons (Shoals:4)
  5 hungry ghosts
  2 death yak simulacra (Lair:6)
  2 fire bats (Lair:2)
  Edmund (D:6)
  4 vampire mosquitoes (D:15)
  A swamp worm (shapeshifter) (Vaults:2)
  6 wargs
  A soldier ant (D:11)
  3 acid dragons
  63 nagas
  13 water moccasins
  A floating eye (shapeshifter) (Vaults:2)
  A hell hound (Lair:2)
  11 porcupines
  36 orc warriors
  22 ice beasts
  4 phantoms
  5 sky beasts
  2 black bears (D:8)
  A necrophage (D:6)
  A black mamba simulacrum (Lair:6)
  An eye of draining (D:15)
  5 boggarts (Vaults:3)
  22 wolves
  23 ogres
  16 centaurs
  10 crocodiles
  A big kobold (D:9)
  18 bullfrogs
  3 earth elementals
  4 gnoll sergeants
  A wyvern skeleton (D:11)
  42 killer bees
  2 scorpions
  6 howler monkeys
  15 wights
  3 electric eels
  2 komodo dragon simulacra (Lair:6)
  7 crimson imps
  Crazy Yiuf (D:2)
  3 centaur skeletons
  10 hounds
  7 jellies
  A gnoll shaman (D:5)
  14 orc priests
  3 bullfrog skeletons
  17 orc wizards
  3 bullfrog zombies
  7 iguanas
  12 worker ants
  A killer bee zombie (D:6)
  A hound zombie (D:10)
  2 hound skeletons
  A howler monkey zombie (D:8)
  16 gnolls
  15 adders
  4 shadow imps
  3 adder skeletons
  3 worms
  3 dart slugs
  8 leopard geckos
  79 orcs
  6 bats
  5 giant cockroaches
  4 goblins
  7 hobgoblins
  18 jackals
  3 quokkas
  3 ball pythons
  7 frilled lizards
  13 kobolds
  A leopard gecko zombie (D:7)
  A quokka skeleton (D:6)
  A quokka zombie (D:5)
  8 rats
  3 bushes (D:13)
  8 fungi
  10 plants
  2 tentacles
1575 creatures vanquished.

Vanquished Creatures (others)
  A yaktaur captain (Vaults:4)
  A naga sharpshooter (Snake:4)
  A meliai zombie (D:12)
  4 fungi
  15 plants
  6 tentacles
28 creatures vanquished.

Grand Total: 1603 creatures vanquished

Notes
Turn   | Place    | Note
-------+----------+-------------------------------------------
     0 | D:1      | nikopol the Deep Elf Fire Elementalist began the quest for
                  | the Orb.
     0 | D:1      | Reached XP level 1. HP: 10/10 MP: 6/6
   217 | D:1      | Reached XP level 2. HP: 15/15 MP: 1/8
   278 | D:1      | Learned a level 2 spell: Throw Flame
   711 | D:1      | Reached XP level 3. HP: 19/19 MP: 7/9
  1420 | D:2      | Found a runed translucent door.
  1421 | D:2      | Noticed Crazy Yiuf
  1481 | D:2      | Found a deep blue altar of Sif Muna.
  1681 | D:2      | Learned a level 3 spell: Conjure Flame
  1879 | D:2      | Reached XP level 4. HP: 24/24 MP: 7/11
  1885 | D:2      | Learned a level 4 spell: Sticky Flame
  1949 | D:2      | Reached skill level 4 in Spellcasting
  2072 | D:2      | Killed Crazy Yiuf
  2488 | D:3      | Found a white marble altar of Elyvilon.
  2489 | D:3      | Found a snail-covered altar of Cheibriados.
  3052 | D:4      | Found a staircase to the Ecumenical Temple.
  3067 | Temple   | Entered the Ecumenical Temple
  3088 | Temple   | Became a worshipper of Vehumet
  3250 | D:3      | Reached XP level 5. HP: 23/28 MP: 13/13
  3467 | D:4      | Reached skill level 5 in Fire Magic
  3622 | D:4      | Reached skill level 5 in Spellcasting
  3659 | D:4      | Found Ototh's Jewellery Shop.
  3717 | D:4      | Reached XP level 6. HP: 22/32 MP: 13/15
  4232 | D:4      | Reached * piety under Vehumet
  4232 | D:4      | Offered knowledge of Sting by Vehumet.
  4470 | D:5      | Entered Level 5 of the Dungeon
  4518 | D:5      | Noticed a sky beast
  4533 | D:5      | Killed a sky beast
  4533 | D:5      | Reached skill level 6 in Spellcasting
  4563 | D:4      | Reached XP level 7. HP: 32/36 MP: 11/18
  5025 | D:5      | Learned a level 5 spell: Fireball
  5030 | D:5      | Found Efoeponga's Gadget Boutique.
  5312 | D:5      | Found a shattered altar of Ashenzari.
  5456 | D:5      | Reached skill level 7 in Spellcasting
  5560 | D:5      | Reached XP level 8. HP: 41/41 MP: 21/21
  5563 | D:5      | Reached skill level 5 in Conjurations
  5679 | D:5      | Offered knowledge of Throw Frost by Vehumet.
  5782 | D:5      | Reached ** piety under Vehumet
  5941 | D:5      | Reached skill level 8 in Spellcasting
  6070 | D:5      | Found Huti's Distillery.
  6076 | D:5      | Bought a potion of curing for 36 gold pieces
  6143 | D:5      | Learned a level 5 spell: Lightning Bolt
  6156 | D:6      | Found a stormy altar of Qazlal.
  6156 | D:6      | Noticed Edmund
  6172 | D:6      | Killed Edmund
  6430 | D:6      | Reached skill level 9 in Spellcasting
  6550 | D:6      | Offered knowledge of Mephitic Cloud by Vehumet.
  6630 | D:6      | Reached XP level 9. HP: 42/46 MP: 24/24
  6706 | D:6      | Reached *** piety under Vehumet
  7259 | D:6      | Found a burning altar of Makhleb.
  7347 | D:7      | Reached skill level 1 in Shields
  7468 | D:7      | Offered knowledge of Fulminant Prism by Vehumet.
  7468 | D:7      | Reached skill level 10 in Spellcasting
  7620 | D:7      | Found a glowing golden altar of the Shining One.
  7845 | D:7      | Noticed Prince Ribbit
  7852 | D:7      | Killed Prince Ribbit
  7931 | D:7      | Found a deep blue altar of Sif Muna.
  8067 | D:8      | Reached **** piety under Vehumet
  8085 | D:8      | Noticed a two-headed ogre
  8093 | D:8      | Killed a two-headed ogre
  8093 | D:8      | Offered knowledge of Bolt of Draining by Vehumet.
  8093 | D:8      | Reached skill level 11 in Spellcasting
  8093 | D:8      | Reached XP level 10. HP: 51/51 MP: 24/27
  8236 | D:8      | Found a sacrificial altar of Ru.
  8488 | D:8      | Noticed a two-headed ogre
  8492 | D:8      | Killed a two-headed ogre
  9016 | D:8      | Reached skill level 1 in Fighting
  9077 | D:8      | Reached ***** piety under Vehumet
  9081 | D:8      | Offered knowledge of Bolt of Cold by Vehumet.
  9089 | D:8      | Learned a level 6 spell: Bolt of Cold
  9194 | D:8      | Reached skill level 12 in Spellcasting
  9290 | D:8      | Noticed a +0 dagger
  9290 | D:8      | Noticed a +0 dagger
  9348 | D:8      | Found a hide-covered altar of Uskayaw.
  9658 | D:9      | Found a staircase to the Orcish Mines.
 10261 | D:9      | Reached XP level 11. HP: 56/56 MP: 28/29
 10278 | D:10     | Entered Level 10 of the Dungeon
 10438 | D:10     | Reached skill level 10 in Fire Magic
 10605 | D:10     | Found a staircase to the Lair.
 10855 | D:10     | Noticed Urug
 10858 | D:10     | Killed Urug
 10858 | D:10     | Reached skill level 13 in Spellcasting
 11137 | D:10     | Offered knowledge of Iskenderun's Mystic Blast by Vehumet.
 12010 | D:11     | Reached skill level 5 in Stealth
 12015 | D:11     | Noticed a cyan ugly thing
 12389 | D:11     | Killed a cyan ugly thing
 12389 | D:11     | Reached skill level 5 in Dodging
 12494 | D:11     | Reached skill level 10 in Conjurations
 13304 | Lair:1   | Entered Level 1 of the Lair of Beasts
 13475 | Lair:1   | Found a dark tunnel.
 13522 | Lair:1   | You fall into a shaft and drop 1 floor!
 13646 | Lair:2   | Found a transporter.
 13668 | Lair:1   | Reached skill level 14 in Spellcasting
 13679 | Lair:1   | Noticed a four-headed hydra
 13685 | Lair:1   | Killed a four-headed hydra
 13689 | Lair:1   | Got a smoking flail
 13690 | Lair:1   | Identified the +7 flail "Embalmer" {flame, SInv Stlth+}
                  | (You found it on level 1 of the Lair of Beasts)
 13890 | Lair:1   | Reached XP level 12. HP: 61/61 MP: 27/32
 14536 | Lair:2   | Found a transporter.
 14729 | Lair:2   | Learned a level 2 spell: Blink
 15543 | Lair:2   | HP: 3/62 [something (15)]
 15684 | Lair:2   | Got a bloodstained hat
 15848 | Lair:2   | Identified the cursed -5 hat of Impermeability {Dex+3} (You
                  | found it on level 2 of the Lair of Beasts)
 15997 | Lair:3   | Noticed a six-headed hydra
 16000 | Lair:3   | Killed a six-headed hydra
 16000 | Lair:3   | Reached skill level 15 in Spellcasting
 16000 | Lair:3   | Reached skill level 1 in Ice Magic
 16180 | Lair:3   | Found a staircase to the Snake Pit.
 16339 | Lair:3   | Offered knowledge of Freezing Cloud by Vehumet.
 16693 | Lair:3   | Noticed a seven-headed hydra
 16697 | Lair:3   | Killed a seven-headed hydra
 16900 | Lair:3   | Found a staircase to the Shoals.
 17443 | Lair:4   | Noticed an eight-headed hydra
 17446 | Lair:4   | Killed an eight-headed hydra
 17508 | Lair:4   | Noticed an eight-headed hydra
 17511 | Lair:4   | Killed an eight-headed hydra
 17593 | Lair:4   | Reached XP level 13. HP: 66/66 MP: 32/34
 18761 | Lair:5   | Reached skill level 16 in Spellcasting
 19541 | Lair:5   | Found the ring of the Octopus King
 19566 | Lair:5   | Got a ring of the Octopus King
 19571 | Lair:5   | Identified the Incunabulum of Flamy Translocation
 19592 | Lair:5   | Identified a ring of the Octopus King {rC+ AC+1 EV+1 Str+1
                  | Int+1 Dex+1} (You found it on level 5 of the Lair of
                  | Beasts)
 19603 | Lair:6   | Entered Level 6 of the Lair of Beasts
 19760 | Lair:6   | Offered knowledge of Poison Arrow by Vehumet.
 19853 | Lair:6   | Found a runed translucent gate.
 19861 | Lair:6   | Found a runed translucent gate.
 19862 | Lair:6   | Found a runed translucent gate.
 19953 | Lair:6   | Noticed Tucrewk's ghost (journeyman DDWr)
 20228 | Lair:6   | Learned a level 5 spell: Bolt of Magma
 20239 | Lair:6   | Found a viscous altar of Jiyva.
 20240 | Lair:6   | Found a staircase to the Slime Pits.
 20328 | Lair:6   | Learned a level 6 spell: Iron Shot
 20737 | Lair:6   | Reached skill level 17 in Spellcasting
 21175 | Lair:6   | Noticed a dire elephant
 21179 | Lair:6   | Killed a dire elephant
 21181 | Lair:6   | Reached XP level 14. HP: 72/72 MP: 19/37
 21436 | Lair:6   | Killed Tucrewk's ghost
 21552 | Lair:6   | Reached ****** piety under Vehumet
 21558 | Lair:6   | Got the ring of the Nightingale {Fire}
 21564 | Lair:6   | Identified the ring of the Nightingale {Fire MR+ Dex+6}
                  | (You found it on level 6 of the Lair of Beasts)
 21675 | Lair:1   | Reached skill level 1 in Earth Magic
 21779 | Orc:1    | Entered Level 1 of the Orcish Mines
 21815 | Orc:1    | Noticed an orc warlord
 21824 | Orc:1    | Killed an orc warlord
 22031 | Orc:1    | Offered knowledge of Spellforged Servitor by Vehumet.
 22068 | Orc:1    | Noticed Nergalle
 22070 | Orc:1    | Killed Nergalle
 22239 | Orc:1    | Found Keach's Magic Scroll Emporium.
 22248 | Orc:1    | Bought a scroll of blinking for 82 gold pieces
 22248 | Orc:1    | Bought a scroll of teleportation for 33 gold pieces
 22248 | Orc:1    | Bought a scroll of blinking for 82 gold pieces
 22266 | Orc:1    | Found a roughly hewn altar of Beogh.
 22354 | Orc:2    | Entered Level 2 of the Orcish Mines
 22364 | Orc:2    | Noticed an orc warlord
 22374 | Orc:2    | Killed an orc warlord
 22728 | Orc:2    | Found Punem's Antique Armour Shoppe.
 22758 | Orc:2    | Noticed Snorg
 22762 | Orc:2    | Killed Snorg
 22941 | Orc:2    | Found a large runed translucent door.
 22942 | Orc:2    | Found a large runed translucent door.
 22957 | Orc:2    | Found Imeukute's Jewellery Boutique.
 23027 | Orc:2    | Found a staircase to the Elven Halls.
 23114 | Orc:2    | Reached skill level 18 in Spellcasting
 23335 | Orc:2    | Found Nawatw Zuhu's Antique Weapon Emporium.
 23375 | Orc:2    | Found Reiviar's General Store.
 23512 | Orc:2    | Noticed Borgoz's ghost (adept GrGl)
 23890 | Orc:1    | Noticed a stone giant
 23894 | Orc:1    | Killed a stone giant
 24013 | Orc:1    | Reached skill level 15 in Fire Magic
 24326 | D:4      | Bought the ring of Epnag {+Fly rC++ MR++ Int+3} for 680
                  | gold pieces
 24805 | D:12     | Found a frozen archway.
 24809 | D:12     | Offered knowledge of Orb of Destruction by Vehumet.
 24817 | IceCv    | Entered an ice cave
 24882 | IceCv    | Found a transporter.
 24913 | IceCv    | Learned a level 2 spell: Swiftness
 24972 | IceCv    | Found a transporter.
 25472 | D:12     | Reached XP level 15. HP: 76/76 MP: 35/39
 25690 | D:12     | Found a portal to a secret trove of treasure.
 25873 | D:13     | Found Tuutirou's Assorted Antiques.
 25878 | D:13     | Bought a runed helmet for 210 gold pieces
 26229 | D:13     | Identified a scroll of acquirement
 26231 | D:13     | Got a shimmering buckler
 26242 | D:13     | Identified the +1 buckler of Ropluh {Int-3 Dex+4 SInv
                  | Stlth+} (You acquired it on level 13 of the Dungeon)
 26677 | D:13     | Found a gate to the Vaults.
 26844 | D:13     | Reached skill level 15 in Conjurations
 27011 | D:14     | Reached skill level 19 in Spellcasting
 27920 | D:14     | Offered knowledge of Bolt of Fire by Vehumet.
 28253 | D:15     | Entered Level 15 of the Dungeon
 28440 | D:15     | Got a fine hat
 28451 | D:15     | Identified the +0 hat "Kuploet" {rF+ MR+ Dex+3} (You
                  | acquired it on level 15 of the Dungeon)
 28837 | D:15     | Noticed a frost giant
 28840 | D:15     | Killed a frost giant
 28953 | D:15     | Found a staircase to the Depths.
 29536 | D:15     | Offered knowledge of Fire Storm by Vehumet.
 29536 | D:15     | Offered knowledge of Glaciate by Vehumet.
 29536 | D:15     | Offered knowledge of Ignition by Vehumet.
 29546 | D:15     | Learned a level 8 spell: Ignition
 29557 | D:15     | Learned a level 9 spell: Fire Storm
 29876 | D:4      | Bought an uncursed amulet of magic regeneration for 360
                  | gold pieces
 30798 | D:15     | Got a steaming robe
 30809 | D:15     | Identified the +1 robe "Eceacsej" {Int+4 SInv} (You found
                  | it on level 15 of the Dungeon)
 31081 | Shoals:1 | Entered Level 1 of the Shoals
 31165 | Shoals:1 | Reached skill level 20 in Spellcasting
 31396 | Shoals:1 | Reached XP level 16. HP: 81/81 MP: 36/42
 31962 | Shoals:2 | Noticed Roxanne
 31984 | Shoals:2 | Found Ariss's Assorted Antiques.
 32151 | Shoals:2 | Reached skill level 5 in Earth Magic
 32309 | Shoals:2 | Killed Roxanne
 32450 | Shoals:2 | Noticed a kraken
 32454 | Shoals:2 | Killed a kraken
 32498 | Shoals:2 | Found an iron altar of Okawaru.
 33896 | Shoals:4 | Entered Level 4 of the Shoals
 33897 | Shoals:4 | Noticed Mara
 34002 | Shoals:4 | Noticed Louise
 34007 | Shoals:4 | Killed Louise
 34007 | Shoals:4 | Reached skill level 5 in Shields
 34022 | Shoals:4 | Reached skill level 21 in Spellcasting
 34232 | Shoals:4 | Got a barnacled rune of Zot
 34466 | Shoals:4 | Noticed nikopol's illusion
 34678 | Shoals:4 | Reached XP level 17. HP: 69/85 MP: 33/44
 34968 | Shoals:4 | Noticed nikopol's illusion
 35049 | Shoals:4 | Got a faintly glowing ivory ring
 35050 | Shoals:4 | Identified the cursed ring "Wedyapsogh" {*Corrode MP+9
                  | Dex-3 Stlth+} (You found it on level 4 of the Shoals)
 35477 | Shoals:4 | Noticed a kraken
 35795 | Vaults:1 | Entered Level 1 of the Vaults
 36362 | Depths:1 | Entered Level 1 of the Depths
 36923 | Depths:1 | Found a gateway to a ziggurat.
 36934 | Depths:1 | Found a gateway to Hell.
 37084 | Depths:1 | Reached skill level 22 in Spellcasting
 37913 | Depths:1 | Found a one-way gate leading to the halls of Pandemonium.
 38552 | Vaults:1 | Reached XP level 18. HP: 91/91 MP: 40/46
 38870 | Vaults:1 | Found Uguulu's General Store.
 38882 | Vaults:1 | Bought a potion of brilliance for 44 gold pieces
 39759 | Vaults:1 | Reached skill level 23 in Spellcasting
 40723 | Vaults:2 | Found Xahec's Antique Weapon Boutique.
 40866 | Vaults:2 | Found a staircase to the Crypt.
 40870 | Vaults:2 | Noticed Bai Suzhen
 40884 | Vaults:2 | Killed Bai Suzhen
 41664 | Vaults:2 | Noticed a lich
 41670 | Vaults:2 | Killed a lich
 41670 | Vaults:2 | Reached XP level 19. HP: 95/95 MP: 28/48
 41701 | Vaults:2 | Reached skill level 24 in Spellcasting
 42052 | Vaults:2 | Got a steaming helmet
 42063 | Vaults:2 | Identified the +2 helmet "Desitar" {rC+ rN+ Str+3} (You
                  | acquired it on level 2 of the Vaults)
 42241 | Vaults:3 | Found the +1 cloak of Starlight {rElec rC+ EV+4 Stlth--}
 42423 | Vaults:3 | Identified Koterch's Tome of Burning Attacks
 42445 | Vaults:3 | Found a runed translucent gate.
 42445 | Vaults:3 | Found a runed translucent gate.
 42445 | Vaults:3 | Found a runed translucent gate.
 42445 | Vaults:3 | Noticed Hylith's ghost (adept TrFi)
 42451 | Vaults:3 | Identified the +2 shield "Esarief" {+Fly Str-4 Slay+6}
 42799 | Snake:1  | Entered Level 1 of the Snake Pit
 42857 | Snake:1  | Noticed Donald
 42859 | Snake:1  | Killed Donald
 43736 | Snake:1  | Found Qaoquum's Armour Boutique.
 43740 | Snake:1  | Found Wyhi Yga's Book Shop.
 43741 | Snake:1  | Found Uginosur's Antique Weapon Boutique.
 44214 | Snake:2  | Got an ancient ring mail
 44216 | Snake:2  | Identified the cursed +1 ring mail of the Beggar {rC+} (You
                  | found it on level 2 of the Snake Pit)
 46074 | Snake:4  | Entered Level 4 of the Snake Pit
 46358 | Snake:4  | Found Suakow's Assorted Antiques.
 46366 | Snake:4  | Bought an ichor-stained robe for 239 gold pieces
 46374 | Snake:4  | Identified the +1 robe of Igonk {*Contam rF+ Int+7 Slay-4}
                  | (You bought it in a shop on level 4 of the Snake Pit)
 46424 | Snake:4  | Reached XP level 20. HP: 100/100 MP: 17/50
 46597 | Snake:4  | Reached skill level 25 in Spellcasting
 47041 | Snake:4  | Upgraded the game from 0.24-a0-365-ga4d96b6e6e to
                  | 0.24-a0-368-g0e0cebd0f3
 47056 | Snake:4  | Identified the +5 morningstar of Dismemberment {drain,
                  | +Inv}
 47649 | Snake:4  | Got a serpentine rune of Zot
 48625 | Elf:1    | Entered Level 1 of the Elven Halls
 48790 | Elf:1    | Found Alion's Food Boutique.
 49695 | Elf:1    | Found a runed translucent gate.
 49695 | Elf:1    | Found a runed translucent gate.
 49695 | Elf:1    | Found a runed translucent gate.
 49695 | Elf:1    | Found a runed translucent gate.
 49695 | Elf:1    | Found a runed translucent gate.
 49696 | Elf:1    | Found a runed translucent gate.
 50101 | Elf:2    | Found a runed translucent gate.
 50110 | Elf:2    | Found a runed translucent gate.
 50110 | Elf:2    | Found a runed translucent gate.
 50654 | Elf:2    | Learned a level 6 spell: Statue Form
 50698 | Elf:2    | Reached XP level 21. HP: 91/104 MP: 13/52
 51067 | Elf:2    | Reached skill level 26 in Spellcasting
 51689 | Vaults:3 | Killed Hylith's ghost
 52068 | Vaults:3 | Found a roughly hewn altar of Beogh.
 52149 | Vaults:3 | Got a transparent cloak
 52160 | Vaults:3 | Identified the +2 cloak of the Flute {Int+2} (You found it
                  | on level 3 of the Vaults)
 52670 | Vaults:4 | Found Nuck's Magic Scroll Boutique.
 52676 | Vaults:4 | Bought a scroll of blinking for 120 gold pieces
 52695 | Vaults:4 | Found a runed translucent gate.
 52696 | Vaults:4 | Found a runed translucent gate.
 52696 | Vaults:4 | Found a runed translucent gate.
 52696 | Vaults:4 | Noticed Tovvajec's ghost (adept HOBe)
 53149 | Vaults:4 | Found the +2 shield of Resistance {rF+ rC+ MR+}
 53166 | Vaults:4 | Reached skill level 10 in Earth Magic
 53625 | Vaults:4 | HP: 5/135 [Tovvajec's ghost (16)]
 53629 | Vaults:4 | Slain by Tovvajec's ghost

Levels and vault maps discovered:
D:1:      nzn_arrival_settlement, layout_basic, serial_forest,
          infiniplex_forest_straight_2, infiniplex_forest_pool,
          infiniplex_forest_clump_small, infiniplex_forest_clump_C,
          infiniplex_forest_clump_large, infiniplex_forest_diagonal,
          infiniplex_forest_straight_2, infiniplex_forest_clump_long,
          kennysheep_decorative_pillar
D:2:      layout_loops_corners, lemuel_blue_sif_altar, uniq_crazy_yiuf_cottage
D:3:      layout_basic, minitemple, first_ration
D:4:      layout_basic, minmay_temple_entry_offerings, serial_shops,
          kennysheep_little_box
D:5:      layout_cave_pools, serial_shops, nicolae_shop_behind_doors,
          serial_gnoll_camp, gnoll_camp_mini_hut, gnoll_camp_mini_hut,
          gnoll_camp_huts_basic, gnoll_camp_mini_shop,
          cheibrodos_ashenzari_chains
D:6:      layout_loops_ring, makhleb_blood_cavern_becter,
          kennysheep_nondescript, lemuel_altar_in_water, uniq_edmund
D:7:      layout_cave_pools, tso_metal_star, lemuel_coloured_pillars_altar,
          uniq_prince_ribbit1
D:8:      layout_rooms, dancing_weapons_uskayaw, nicolae_ru_awakened_eye
D:9:      layout_irregular_city, minmay_orc_entry_guard_dogs,
          kennysheep_another_room
D:10:     layout_stronghold, lair_entry_dummy, uniq_urug
D:11:     layout_rooms, david_nohive_1, serial_bayou_ford_a
D:12:     layout_roguey, enter_trove_6, portal_ice_cave_entry_ice_beasts
D:13:     layout_basic, david_vaults_1, serial_shops, shop_statue,
          minmay_hedge_maze, hex_tiny
D:14:     layout_stronghold, kennysheep_nub
D:15:     grunt_enter_depths_snipers, layout_basic, hangedman_decor_peaks_small,
          wad_mini_maze
Temple:   nicolae_temple_elliptical
Lair:1:   layout_hall_layers, nicolae_volcano_entry_two_sided,
          infiniplex_staircase_pool
Lair:2:   gammafunk_cloud_chamber, layout_regular_city,
          minmay_lair_oklob_chamber
Lair:3:   layout_regular_city, minmay_shoals_entry_hut,
          guppyfry_snake_entry_island, lemuel_fruit_fields, serial_bayou_shore_a
Lair:4:   layout_roguey, lemuel_fruit_fields
Lair:5:   layout_roguey, minmay_lindwurm_lava, lemuel_fruit_tree,
          serial_bayou_shore_b
Lair:6:   grunt_lair_end_beastmaster, layout_concentric_octagons,
          dpeg_slime_entry_enclosed_altar, gammafunk_ghost_icy,
          nicolae_lair_yak_garden
Shoals:1: layout_shoals
Shoals:2: layout_shoals, serial_shops, nicolae_shop_stone, lemuel_oklob_altar,
          uniq_roxanne
Shoals:3: layout_shoals
Shoals:4: shoals_end_simple, layout_shoals, nicolae_shoals_drake_roost,
          uniq_louise, uniq_mara
Snake:1:  layout_honeycomb, st_stairs_11, minmay_shop_star, uniq_donald
Snake:2:  layout_misc_corridors, st_stairs_9
Snake:3:  layout_cave_shapes, nicolae_snake_springs
Snake:4:  grunt_snake_rune_spirals, layout_onion_interference, serial_shops,
          shop, nrook_loot_triangle
Orc:1:    layout_caves, serial_shops, nicolae_shop_crystal,
          nicolae_orc_lost_temple, uniq_nergalle
Orc:2:    grunt_orc_gardens, layout_caves, grunt_orc_garden, grunt_orc_garden,
          grunt_orc_garden, grunt_orc_garden, ebering_ghost_disaster_area,
          uniq_snorg
Elf:1:    eino_elf_arrival_sip, layout_loops_corners, serial_shops, shop,
          orc_legates, grunt_ministairs_7
Elf:2:    layout_rooms, billiards_dpeg
Vaults:1: hangedman_vaults_stitches, nicolae_vaults_puzzle_piece,
          ontoclasm_vaults_bender, v_misc_12, ontoclasm_vaults_ligature,
          ontoclasm_vaults_idyll, nicolae_vaults_little_squares_6,
          ontoclasm_vaults_loading_screen, vaults_dpeg_diagonal,
          layout_vaults_ring, serial_shops, shop
Vaults:2: dpeg_vaults_monster_row, minmay_crypt_entry_simple_sparse,
          nicolae_vaults_network_periphery, nicolae_vaults_big_angled_halls,
          st_octagons_1, nicolae_vaults_alarming, vaults_room_door_ring,
          nicolae_vaults_ninety_degrees, v_misc_12, vaults_room_stairs_pillars,
          layout_vaults_omnicross, serial_shops,
          nicolae_shop_competitors_out_of_business, uniq_bai_suzhen
Vaults:3: biasface_vaults_ghost_orc_armoury, vaults_room_semicircle,
          layout_vaults_maze_snakey
Vaults:4: gammafunk_vaults_ghost_spectres, v_alt_pattern_6,
          ontoclasm_vaults_idyll, nicolae_vaults_display_case,
          hangedman_vaults_slice, vaults_room_pools, layout_vaults_omnigrid,
          serial_shops, shop
Depths:1: layout_big_octagon, enter_ziggurat_c, rand_demon_pan_entry_3,
          hell_entry, hangedman_decor_slide_cut, feat_on_display

Skill      XL: |  1  2  3  4  5  6  7  8  9 10 11 12 13 14 15 16 17 18 19 20 21 |
---------------+----------------------------------------------------------------+-----
Fire Magic     | 4 5 6 7 8 9 11 12 14 15 16 17 18 19 20 | 20.4
Spellcasting   | 4 5 6 7 9 11 12 14 15 17 18 20 21 22 23 24 25 26 | 26.4
Dodging        | 3 4 5 6 7 |  7.6
Conjurations   | 2 3 4 6 8 9 10 12 13 14 15 17 18 19 20 | 20.9
Stealth        | 3 4 5 6 |  6.0
Shields        | 2 4 5 6 8 9 |  9.1
Fighting       | 1 2 |  2.6
Ice Magic      | 1 3 4 |  4.1
Earth Magic    | 3 4 5 6 7 9 10 | 10.0
Charms         | |  0.4
Air Magic      | |  0.6

Action                   |  1- 3 |  4- 6 |  7- 9 | 10-12 | 13-15 | 16-18 | 19-21 || total
-------------------------+-------+-------+-------+-------+-------+-------+-------++-------
Melee: Dagger            |       |       |     2 |     3 |       |       |       ||     5
       Staff             |       |       |       |       |     1 |     1 |     2 ||     4
 Cast: Flame Tongue      |    66 |   102 |   217 |   360 |   169 |    20 |     2 ||   936
       Sticky Flame      |       |     3 |    34 |    71 |    53 |    11 |     6 ||   178
       Conjure Flame     |       |     2 |     3 |     5 |     3 |     3 |       ||    16
       Throw Flame       |       |    11 |    21 |    11 |    13 |       |       ||    56
       Fireball          |       |       |     2 |   111 |   289 |   332 |   412 ||  1146
       Lightning Bolt    |       |       |     1 |     7 |     1 |       |       ||     9
       Bolt of Cold      |       |       |       |     5 |    10 |    19 |     2 ||    36
       Iron Shot         |       |       |       |       |    77 |   113 |   143 ||   333
       Bolt of Magma     |       |       |       |       |    11 |    10 |     2 ||    23
       Swiftness         |       |       |       |       |     1 |     2 |       ||     3
       Ignition          |       |       |       |       |       |    31 |    40 ||    71
       Fire Storm        |       |       |       |       |       |       |     2 ||     2
       Blink             |       |       |       |       |       |       |     4 ||     4
       Statue Form       |       |       |       |       |       |       |     1 ||     1
Evoke: Wand              |       |       |       |       |     1 |       |       ||     1
  Use: Scroll            |       |     4 |       |    22 |    13 |     8 |    13 ||    60
       Potion            |       |     1 |     1 |     1 |     1 |     1 |     3 ||     8
  Eat: Chunk             |     3 |     8 |    12 |    19 |    34 |    28 |    26 ||   130
       Ration            |       |       |       |     3 |     3 |     1 |     3 ||    10
Armor: Robe              |     2 |     5 |    10 |    24 |    14 |     1 |    10 ||    66
       Skin              |       |       |       |       |       |       |     8 ||     8
Dodge: Dodged            |    11 |    28 |    56 |   105 |    73 |    67 |    51 ||   391
Block: Buckler           |       |       |       |    47 |    29 |    38 |       ||   114
       Shield            |       |       |       |       |       |       |    70 ||    70
       Reflection        |       |       |       |       |       |       |    26 ||    26

Table legend:
 A = Non-vault XP
 B = Vault XP
 C = Vault XP percentage of total XP
 D = Non-vault monster count
 E = Vault monster count
 F = Vault count percentage of total count
                 A         B        C        D         E       F
            +---------+---------+-------+---------+---------+-------
      Total |  371019 |  280784 |  43.1 |    1076 |     479 |  30.8
            +---------+---------+-------+---------+---------+-------
        D:1 |      42 |       0 |   0.0 |      17 |       0 |   0.0
        D:2 |      61 |      42 |  40.8 |      20 |       1 |   4.8
        D:3 |      86 |       0 |   0.0 |      18 |       0 |   0.0
        D:4 |     663 |      59 |   8.2 |      26 |       2 |   7.1
        D:5 |     538 |     605 |  52.9 |      11 |      17 |  60.7
        D:6 |     962 |     312 |  24.5 |      28 |       3 |   9.7
        D:7 |    1477 |     277 |  15.8 |      28 |       1 |   3.4
        D:8 |    3964 |       0 |   0.0 |      39 |       0 |   0.0
        D:9 |    1634 |     476 |  22.6 |      32 |       3 |   8.6
       D:10 |    2430 |     954 |  28.2 |      40 |       3 |   7.0
       D:11 |    2980 |    1041 |  25.9 |      28 |      13 |  31.7
       D:12 |    8231 |    1057 |  11.4 |      42 |       8 |  16.0
       D:13 |    9319 |    3065 |  24.7 |      28 |       4 |  12.5
       D:14 |   14404 |       0 |   0.0 |      47 |       0 |   0.0
       D:15 |   16444 |    5631 |  25.5 |      45 |       6 |  11.8
     Lair:1 |    3708 |       0 |   0.0 |      18 |       0 |   0.0
     Lair:2 |    2528 |    3133 |  55.3 |      11 |       9 |  45.0
     Lair:3 |    7038 |     716 |   9.2 |      33 |       4 |  10.8
     Lair:4 |    7454 |       0 |   0.0 |      24 |       0 |   0.0
     Lair:5 |    4962 |    2626 |  34.6 |       8 |       4 |  33.3
     Lair:6 |    4250 |   14135 |  76.9 |      14 |      29 |  67.4
   Shoals:1 |   14924 |       0 |   0.0 |      30 |       0 |   0.0
   Shoals:2 |   15133 |    2448 |  13.9 |      27 |       2 |   6.9
   Shoals:3 |   10684 |       0 |   0.0 |      26 |       0 |   0.0
   Shoals:4 |   11165 |   27392 |  71.0 |      23 |      45 |  66.2
    Snake:1 |    7367 |    3637 |  33.1 |      17 |       5 |  22.7
    Snake:2 |   24493 |    1370 |   5.3 |      44 |       2 |   4.3
    Snake:3 |   17730 |    6654 |  27.3 |      32 |      19 |  37.3
    Snake:4 |   17131 |   57991 |  77.2 |      33 |      84 |  71.8
      Orc:1 |    7398 |    1583 |  17.6 |      40 |       3 |   7.0
      Orc:2 |    1972 |   11467 |  85.3 |      14 |      26 |  65.0
      Elf:1 |   11520 |   12783 |  52.6 |      19 |      29 |  60.4
      Elf:2 |   16228 |   27786 |  63.1 |      27 |      35 |  56.5
   Vaults:1 |   28343 |   15432 |  35.3 |      48 |      30 |  38.5
   Vaults:2 |   12404 |   45797 |  78.7 |      21 |      42 |  66.7
   Vaults:3 |   15635 |   15424 |  49.7 |      32 |      17 |  34.7
   Vaults:4 |   21313 |   11209 |  34.5 |      30 |      18 |  37.5
   Depths:1 |   44404 |    2846 |   6.0 |      56 |       5 |   8.2
      IceCv |       0 |    2836 | 100.0 |       0 |      10 | 100.0
            +---------+---------+-------+---------+---------+-------
